 Dungeon Crawl Stone Soup version 0.19.5 (webtiles) character file.

1005 Jynx the Covert (level 8, -6/48 HPs)
             Began as an Octopode Ice Elementalist on Apr 7, 2017.
             Mangled by an ogre
             ... wielding a +0 giant spiked club
              (20 damage)
             ... on level 4 of the Dungeon.
             The game lasted 00:13:16 (7025 turns).

Jynx the Covert (Octopode Ice Elementalist)         Turns: 7025, Time: 00:13:16

Health: -6/48      AC:  1    Str:  8    XL:     8   Next: 20%
Magic:  10/11      EV: 13    Int: 17    God:
Gold:   180        SH:  0    Dex: 18    Spells: 2 memorised, 7 levels left

rFire  + + +     SeeInvis .     u - +0 dagger (pain)
rCold  x . .     Gourm    +     (no shield)
rNeg   . . .     Faith    .     (helmet restricted)
rPois  .         Spirit   .     k - amulet "Fieban" {Gourm rElec rF+++ rC- Dex+4}
rElec  +         Reflect  .     (no ring)
rCorr  .         Harm     .     (no ring)
MR     .....                    (no ring)
Stlth  ++++++....               (no ring)
                                (no ring)
                                (no ring)
                                (no ring)
                                (no ring)

@: very slightly contaminated, drained
A: almost no armour, stealthy swim, amphibious, 8 rings, constrict 8, camouflage
1, gelatinous body 1
a: no special abilities


You were on level 4 of the Dungeon.
You were very full.

You visited 1 branch of the dungeon, and saw 5 of its levels.

You collected 180 gold pieces.

Inventory:

Hand Weapons
 p - a +2 dagger of venom
 u - a +0 dagger of pain (weapon)
Jewellery
 k - the amulet "Fieban" (around mantle) {Gourm rElec rF+++ rC- Dex+4}
   (You took it off an orc on level 2 of the Dungeon)

   [amulet of the gourmand]

   It allows you to eat raw meat even when not hungry.
   It affects your dexterity (+4).
   It renders you almost immune to fire.
   It makes you vulnerable to cold.
   It insulates you from electricity.
Scrolls
 e - a scroll of random uselessness {unknown}
 g - 3 scrolls of teleportation
 h - a scroll of remove curse
 j - 2 scrolls of enchant armour
 m - 2 scrolls of amnesia {unknown}
 n - a scroll of immolation {unknown}
 q - a scroll of blinking {unknown}
 r - a scroll of fog {unknown}
 s - 3 scrolls of magic mapping {unknown}
 t - a scroll of fear {unknown}
Potions
 c - 2 potions of lignification {unknown}
 i - 2 potions of heal wounds {unknown}
 l - 2 potions of haste {unknown}
 o - a potion of might
Books
 a - a book of Frost

   Spells                             Type                      Level
   a - Freeze                         Ice                          1
   b - Throw Frost                    Conjuration/Ice              2
   c - Ozocubu's Armour               Charms/Ice                   3
   d - Throw Icicle                   Conjuration/Ice              4
   e - Summon Ice Beast               Ice/Summoning                4
Comestibles
 b - 2 bread rations
 d - 4 meat rations
 f - 5 fruits
 v - a royal jelly


   Skills:
 - Level 1.2(0.7) Fighting
 + Level 4.9(4.4) Short Blades
 - Level 2.0(1.5) Dodging
 * Level 10.7(10.2) Stealth
 - Level 2.0(1.5) Spellcasting
   Level 1.0(0.5) Conjurations
 - Level 0.6(0.1) Charms
 - Level 3.0(2.6) Ice Magic


You had 7 spell levels left.
You knew the following spells:

 Your Spells              Type           Power        Failure   Level  Hunger
a - Freeze                Ice            ##..         10%         1    ##.....
b - Ozocubu's Armour      Chrm/Ice       #.......     38%         3    ####...


Dungeon Overview and Level Annotations

Branches:
Dungeon (5/15)
 Temple: D:4-7

Altars:
Elyvilon
Trog
Vehumet

Annotations:
D:5 Menkaure


Innate Abilities, Weirdness & Mutations

You cannot wear most types of armour.
You are very stealthy in the water. (Stealth+)
You are amphibious.
You can wear up to eight rings at the same time.
You can use your tentacles to constrict eight enemies at once.
Your skin changes colour to match your surroundings (Stealth+).
Your rubbery body absorbs attacks. (AC +1, EV +1)


Message History

You shiver with cold.
The ogre hits you with a giant spiked club.
You hit the ogre but do no damage.
The ogre is moderately wounded.
You hit the ogre. You squeeze the ogre, but do no damage.
The ogre is heavily wounded.
The ogre hits you with a giant spiked club!
* * * LOW HITPOINT WARNING * * *
You hit the ogre.
The ogre is heavily wounded.
The phantom blinks!
There is an open door here.
There is an open door here.
You hit the ogre but do no damage.
The ogre is heavily wounded.
The ogre misses you.
You completely miss the ogre.
The ogre is heavily wounded.
The ogre hits you with a giant spiked club!!
You die...

.....#.........+...........#....#
.....#.........#...........#....#
.....'.........#...........'....#
#######...##..##...........#...##
.....##...##..#......#######...##
.....>........#......#..........[
..............#......#.........[#
..............#......#..........#
########...##'#.@....###'########
..#..###...#.....O...............
..#...#....#.....................
..#...#....'.....................
..#.^.#....#........W............
..#...#....#.....................
..#...#....#.....................
..#...##..##.....................
..#...#####.....#'######'######'#


You could see a phantom and an ogre.

Vanquished Creatures
  2 ice beasts (D:5)
  A phantom (D:5)
  An ogre (D:4)
  A bullfrog (D:2)
  A scorpion (D:4)
  A wight (D:4)
  A bullfrog zombie (D:5)
  A centaur zombie (D:5)
  A gnoll shaman (D:4)
  2 hounds
  Crazy Yiuf (D:3)
  Jessica (D:3)
  3 worker ants (D:5)
  5 gnolls (D:4)
  5 adders
  5 worms
  2 dart slugs (D:2)
  6 leopard geckos
  9 orcs
  6 bats
  2 giant cockroaches (D:2)
  10 goblins
  16 hobgoblins
  10 jackals
  3 quokkas
  A ball python skeleton (D:4)
  6 frilled lizards
  A jackal zombie (D:5)
  9 kobolds
  5 rats
  A fungus (D:3)
119 creatures vanquished.

Notes
Turn   | Place    | Note
-------+----------+-------------------------------------------
     0 | D:1      | Jynx the Octopode Ice Elementalist began the quest for the Orb.
     0 | D:1      | Reached XP level 1. HP: 11/11 MP: 3/3
   257 | D:1      | Reached skill level 1 in Short Blades
   257 | D:1      | Reached skill level 3 in Stealth
   257 | D:1      | Reached XP level 2. HP: 17/17 MP: 3/5
   797 | D:1      | Reached XP level 3. HP: 18/21 MP: 4/6
  1150 | D:1      | Reached skill level 4 in Stealth
  1825 | D:2      | Reached XP level 4. HP: 10/27 MP: 2/7
  2040 | D:2      | Noticed a bullfrog
  2066 | D:2      | Killed a bullfrog
  2066 | D:2      | Reached skill level 5 in Stealth
  2066 | D:2      | Reached XP level 5. HP: 3/31 MP: 1/8
  2291 | D:2      | Reached skill level 6 in Stealth
  2316 | D:2      | Got a glittering sapphire amulet
  2321 | D:2      | Identified the amulet "Fieban" {Gourm rElec rF+++ rC- Dex+4} (You took it off an orc on level 2 of the Dungeon)
  2735 | D:2      | Found a white marble altar of Elyvilon.
  3044 | D:2      | Learned a level 3 spell: Ozocubu's Armour
  3332 | D:3      | Noticed Jessica
  3337 | D:3      | Killed Jessica
  3341 | D:3      | Found a radiant altar of Vehumet.
  3658 | D:3      | Reached XP level 6. HP: 37/37 MP: 0/9
  3783 | D:3      | Found a runed door.
  3788 | D:3      | Noticed Crazy Yiuf
  3792 | D:3      | Killed Crazy Yiuf
  3792 | D:3      | Reached skill level 7 in Stealth
  4577 | D:4      | Reached skill level 1 in Fighting
  4596 | D:4      | Reached skill level 8 in Stealth
  4603 | D:4      | Reached XP level 7. HP: 29/43 MP: 7/10
  5455 | D:4      | Found a bloodstained altar of Trog.
  5807 | D:5      | Entered Level 5 of the Dungeon
  5843 | D:5      | Reached skill level 9 in Stealth
  5957 | D:5      | Noticed Menkaure
  6502 | D:5      | Reached skill level 10 in Stealth
  6502 | D:5      | Reached XP level 8. HP: 45/48 MP: 11/11
  7025 | D:4      | Mangled by an ogre

Skill      XL: |  1  2  3  4  5  6  7 |
---------------+----------------------+-----
Short Blades   | 1 2 3 4 |  4.9
Stealth        | 3 4 5 6 8 10 | 10.7
Fighting       | 1 |  1.2
Dodging        | |  2.0
Spellcasting   | |  2.0
Conjurations   | |  1.0
Charms         | |  0.6
Ice Magic      | |  3.0

Action                   |  1- 3 |  4- 6 |  7- 9 || total
-------------------------+-------+-------+-------++-------
Melee: Dagger            |    39 |    64 |    96 ||   199
       Constrict         |    11 |    18 |    11 ||    40
       Tentacles         |     4 |    14 |    18 ||    36
 Cast: Freeze            |    50 |    74 |    11 ||   135
       Ozocubu's Armour  |       |     5 |     2 ||     7
  Use: Scroll            |     1 |     3 |       ||     4
 Stab: Sleeping          |     7 |    10 |     8 ||    25
       Distracted        |       |       |     1 ||     1
  Eat: Chunk             |     3 |    20 |     6 ||    29
Armor: Skin              |     7 |     8 |     8 ||    23
Dodge: Dodged            |    51 |    59 |    41 ||   151
